[Event "*** Biggest EVER Titled Tuesday"]
[Site "Chess.com"]
[Date "2018.04.17"]
[Round "1"]
[White "sergiochess83"]
[Black "ChainsOfFantasia"]
[Result "1-0"]
[WhiteElo "2772"]
[BlackElo "2401"]
[TimeControl "180+2"]
[EndTime "13:08:33 PDT"]
[Termination "sergiochess83 won by checkmate"]

1. e4 c6 2. d4 d5 3. e5 Bf5 4. Nd2 e6 5. Nb3 Nd7 6. Nf3 c5 7. dxc5 Bxc5 8. Nxc5 Nxc5 9. Bb5+ Nd7 10. O-O Ne7 11.
c3 O-O 12. Re1 h6 13. Nd4 Bg6 14. h4 Qc7 15. h5 Bh7 16. Bf4 a6 17. Bd3 Bxd3 18.
Qxd3 Nc6 19. Qg3 Nxd4 20. cxd4 Kh8 21. Qe3 Kh7 22. Qd3+ Kh8 23. Qd2 Kh7 24. Rac1 Qb6 25. Rc3 f5 26. exf6 Rxf6 27. Rc7 Raf8 28. Bg3 R8f7 29.
Rec1 Rf5 30. Qd3 Kg8 31. b3 Nf8 32. Rc8 Kh7 33. R1c2 Qa5 34. Re2 Qb6 35. Be5 Nd7 36. g4 Nxe5 37. dxe5 Qb4 38. gxf5 Qg4+ 39. Qg3 Qxe2 40.
Qg6# 1-0

[Event "*** Biggest EVER Titled Tuesday"]
[Site "Chess.com"]
[Date "2018.04.17"]
[Round "1"]
[White "Gajuchess"]
[Black "Safar_From_Afar"]
[Result "1-0"]
[WhiteElo "2595"]
[BlackElo "2268"]
[TimeControl "180+2"]
[EndTime "13:08:34 PDT"]
[Termination "Gajuchess won by resignation"]

1. Nf3 g6 2. d4 Nf6 3. c4 Bg7 4. g3 O-O 5. Bg2 d6 6. O-O Nc6 7. Nc3 Bf5 8. b3 Ne4 9. Bb2 Nxc3 10. Bxc3 Be4 11. e3 d5 12. Qe2 a5 13. Rfd1 a4 14. b4 dxc4 15. Qxc4 Qd5 16. Qxd5 Bxd5 17. Nd2 Bxg2 18. Kxg2 e5 19. d5 Ne7 20. Nc4 f6 21. b5 Rfd8 22. e4 Nc8 23. Ba5 b6 24. Bd2 Bf8 25. Be3 Nd6 26. Nxd6 Bxd6 27. Rdc1 Ra5 28. Rab1 Kf7 29. f3 a3 30. Rc4 Rda8 31.
Kf2 Ra4 32. Rxa4 Rxa4 33. Ke2 Rc4 34. Kd3 Ra4 35. g4 g5 36. Kc3 Ra5 37. Bd2 Ra4 38. Be3 Ra5 39. Rb3 Ke7 40. Kd3 Kd7 41.
Bf2 h6 42. h4 Ke7 43. h5 Kd7 44. Kc4 Ra4+ 45. Kd3 Ra5 46. Be3 Kc8 47. Bd2 Ra4 48.
Be3 Ra5 49. Kc2 Kd7 50. Kc3 Kc8 51. Bd2 Ra4 52. Kd3 Rd4+ 53. Ke2 Ra4 54. Bc3 Kd7 55. Kd3 Kc8 56. Bd2 Kd7 57. Bc3 Kc8 58. Rb1 Kd7 59. Kc2 Kc8 60. Kb3 Ra8 61. Bb4 Bxb4 62. Kxb4 Ra5 63. Rc1 Kb7 64. Rc6 1-0

[Event "*** Biggest EVER Titled Tuesday"]
[Site "Chess.com"]
[Date "2018.04.17"]
[Round "1"]
[White "Diwi89"]
[Black "GoingKronos"]
[Result "1-0"]
[WhiteElo "2721"]
[BlackElo "2377"]
[TimeControl "180+2"]
[EndTime "13:08:36 PDT"]
[Termination "Diwi89 won by resignation"]

1. e4 e6 2. d3 d5 3. Nd2 Nf6 4.
Ngf3 c5 5. g3 g6 6. Bg2 Bg7 7.
O-O O-O 8. Re1 Nc6 9. c3 a5 10. a4 b6 11. exd5 exd5 12. Nf1 Ra7 13. d4 c4 14. Bf4 Bf5 15. Ne5 Nxe5 16. dxe5 Ne4 17. Ne3 Be6 18. Nxd5 Nxf2 19. Kxf2 Rd7 20. Qe2 Bxd5 21. Bxd5 Rxd5 22. Qxc4 Qd7 23. Re2 Rd8 24.
Kg2 h5 25. Qe4 h4 26. Rae1 h3+ 27. Kf2 Qe6 28. Qf3 Rd3 29. Re3 Rd2+ 30. R3e2 R2d3 31. Qe4 R3d5 32. Qf3 Rd3 33. Re3 Rd2+ 34. R1e2 Rd1 35.
g4 Rb1 36. Qxh3 Rdd1 37. Qg2 Qc4 38. Qa8+ Bf8 39. Qe4 Rf1+ 40. Kg3 Rg1+ 41. Kh3 Qe6 42. Bg3 Bc5 43. Rf3 Rgf1 44. Rf4 Rxf4 45. Qxf4 Kg7 46.
Bh4 Be7 47. Bxe7 Qxe7 48. Rf2 Qe6 49. Kg3 Re1 50. Qf6+ Qxf6 51. Rxf6 Rxe5 52. Rxb6 Re2 53. h4 Rc2 54. h5 gxh5 55. gxh5 f6 56. Rb5 Kh6 57. Kf4 Rf2+ 58. Ke4 f5+ 59. Rxf5 Rxb2 60. Rxa5 Ra2 61. Kd4 1-0

[Event "*** Biggest EVER Titled Tuesday"]
[Site "Chess.com"]
[Date "2018.04.17"]
[Round "1"]
[White "leclash"]
[Black "GMAkobianSTL"]
[Result "0-1"]
[WhiteElo "2347"]
[BlackElo "2662"]
[TimeControl "180+2"]
[EndTime "13:08:37 PDT"]
[Termination "GMAkobianSTL won by resignation"]

1. d4 e6 2. c4 b6 3. e4 Bb7 4.
Bd3 Nc6 5. Ne2 Nb4 6. Nbc3 Nxd3+ 7. Qxd3 d6 8. O-O Nf6 9. f3 Be7 10. Bg5 O-O 11. Rad1 h6 12. Bh4 Qd7 13. e5 Nh7 14. Bxe7 Qxe7 15. f4 Rad8 16. Qe3 Rd7 17. Rd2 Rfd8 18.
Rfd1 Nf8 19. b3 Ng6 20. g3 Qe8 21. d5 dxe5 22. dxe6 Qxe6 23. Rxd7 Rxd7 24. Rxd7 Qxd7 25. fxe5 Qf5 26. Nd4 Qh3 27. Nd5 c6 28. Nf4 Nxf4 29.
Qxf4 c5 30. Nf3 Qh5 31. Kf2 Bxf3 32. Qxf3 Qxh2+ 33. Kf1 g6 34. Qa8+ Kg7 35. Qxa7 Qxg3 36. Qxb6 Qxe5 37. a4 h5 38. a5 h4 39. a6 Qf4+ 40. Ke2 Qe4+ 41. Kd2 h3 42. Qb7 Qg2+ 43. Kc3 Qg3+ 44. Kb2 Qe5+ 45. Ka2 Qe2+ 46. Ka3 Qe1 47. Kb2 h2 0-1

[Event "*** Biggest EVER Titled Tuesday"]
[Site "Chess.com"]
[Date "2018.04.17"]
[Round "1"]
[White "Gr3egor"]
[Black "SergeiAza"]
[Result "0-1"]
[WhiteElo "2321"]
[BlackElo "2639"]
[TimeControl "180+2"]
[EndTime "13:08:38 PDT"]
[Termination "SergeiAza won by resignation"]

1. d4 Nf6 2. c4 e6 3. Nc3 Bb4 4. Qc2 b6 5. Nf3 Bb7 6. g3 c5 7.
dxc5 Bxc5 8. Bg2 O-O 9. O-O Nc6 10. Rd1 h6 11. b3 Rc8 12. Bb2 d5 13. cxd5 exd5 14.
Qd2 Qe7 15. e3 Rcd8 16. Nd4 Nxd4 17. exd4 Bb4 18. Qd3 Ne4 19. Nxe4 dxe4 20. Qe3 Bd5 21. a3 Bd6 22. Re1 f5 23. f4 Rc8 24. Rac1 Bxa3 25. Bxa3 Qxa3 26. Ra1 Qe7 27. Bf1 a5 28. Rec1 Qb4 29.
Kf2 Qxb3 30. Rcb1 Rc2+ 31. Be2 Qxe3+ 32. Kxe3 Rfc8 33. Ra3 R8c3+ 34. Rxc3 Rxc3+ 35. Kd2 Rb3 36. Rc1 e3+ 37. Ke1 a4 38. Bh5 a3 39. Bg6 Kf8 40. Rc8+ Ke7 41. Rc7+ Kf6 0-1

[Event "*** Biggest EVER Titled Tuesday"]
[Site "Chess.com"]
[Date "2018.04.17"]
[Round "1"]
[White "Alex_Molchanov"]
[Black "Vusatiuk_Vladimir"]
[Result "1-0"]
[WhiteElo "2539"]
[BlackElo "2181"]
[TimeControl "180+2"]
[EndTime "13:08:39 PDT"]
[Termination "Alex_Molchanov won by resignation"]

1. d4 d5 2. c4 dxc4 3. Nf3 Nf6 4. e3 e6 5. Bxc4 a6 6. O-O b5 7. Bb3 Bb7 8. Qe2 c5 9. Rd1 Qc7 10. Nc3 Nbd7 11. d5 exd5 12. Nxd5 Nxd5 13. Bxd5 Bxd5 14.
Rxd5 Nf6 15. Rd1 Rd8 16. Rxd8+ Qxd8 17. a4 b4 18. Qxa6 Bd6 19. Qb5+ Qd7 20. Qxd7+ Kxd7 21.
b3 Nd5 22. Bb2 f6 23. Rc1 Re8 24. Nd2 Nb6 25. Nc4 Nxc4 26. Rxc4 Kc6 27. Kf1 Be5 28. Bxe5 Rxe5 29. Ke2 Kd5 30. f3 f5 31. Rc1 g6 32.
Rd1+ Kc6 33. Rd8 Re7 34. Kd3 Kc7 35. Rd5 Kc6 36. Kc4 Rxe3 37. Rxc5+ Kd6 38. Rd5+ Kc6 39.
Rd2 g5 40. Kxb4 g4 41. fxg4 fxg4 42. g3 h5 43. Ka3 Kc5 44. Rc2+ Kb6 45. Rf2 Rf3 46.
Re2 h4 47. gxh4 Rh3 48. Rg2 Rxh4 49. Rg3 Kc5 50. Rg2 Kb6 51. b4 Kc6 52. Kb3 Kd5 53.
a5 Kc6 54. Ka4 Kb7 55. Rf2 Kc6 56. Rf6+ Kb7 57. Rg6 Ka7 58. Rg7+ Kb8 59. a6 Ka8 60. Ka5 Kb8 61. b5 Kc8 62. a7 1-0

[Event "*** Biggest EVER Titled Tuesday"]
[Site "Chess.com"]
[Date "2018.04.17"]
[Round "1"]
[White "calemcc"]
[Black "IMAghasiyevKamal"]
[Result "1-0"]
[WhiteElo "2250"]
[BlackElo "2551"]
[TimeControl "180+2"]
[EndTime "13:08:41 PDT"]
[Termination "calemcc won by resignation"]

1. d4 Nf6 2. c4 g6 3. f3 Bg7 4. e4 d6 5. Nc3 O-O 6. Be3 e5 7. Nge2 exd4 8. Nxd4 Nc6 9. Qd2 Nxd4 10. Bxd4 c6 11. O-O-O Be6 12. h4 d5 13. exd5 cxd5 14.
h5 dxc4 15. hxg6 hxg6 16. Qg5 Re8 17. Qh4 Nh5 18. Bxg7 Qxh4 19. Rxh4 Kxg7 20. Bxc4 Nf6 21. Bxe6 Rxe6 22. Rhd4 Rh8 23. Rd8 Ree8 24. Rxe8 Rxe8 25. Rd4 Re1+ 26. Rd1 Re5 27. Rd4 Rg5 28. Rb4 b6 29. g4 Re5 30. Ra4 a5 31. Kd2 Nd7 32. Rd4 Nc5 33. Rd6 Re6 34. Rxe6 fxe6 35. Ke3 Kf6 36.
Ne4+ Ke5 37. Nxc5 bxc5 38. b3 g5 39. a4 Kd5 40. Kd3 c4+ 41. bxc4+ Kc5 42. f4 gxf4 43. g5 Kd6 44. Ke4 e5 45. g6 Ke6 46. c5 Kf6 47.
c6 Kxg6 48. c7 Kg5 49. c8=Q Kh4 50. Qf5 Kg3 51. Qg5+ Kf2 52. Qxe5 f3 53. Qf4 Ke1 54. Qxf3 Kd2 55. Kd4 1-0

[Event "*** Biggest EVER Titled Tuesday"]
[Site "Chess.com"]
[Date "2018.04.17"]
[Round "1"]
[White "djamir"]
[Black "MaxLeto"]
[Result "1-0"]
[WhiteElo "2652"]
[BlackElo "2338"]
[TimeControl "180+2"]
[EndTime "13:08:42 PDT"]
[Termination "djamir won on time"]

1. d4 d5 2. Nf3 Nf6 3. Bf4 c6 4. e3 Bf5 5. c4 e6 6. Qb3 Qc8 7. Nc3 Be7 8. h3 O-O 9. Nh4 Be4 10.
Nxe4 dxe4 11. g4 c5 12. d5 Na6 13. dxe6 fxe6 14. Bg3 Nb4 15. a3 Nc6 16. Be2 Nd7 17.
f4 exf3 18. Nxf3 e5 19. Qd3 Nf6 20. Nxe5 Nxe5 21. Bxe5 Qe6 22. Bf4 Rad8 23. Qc2 Ne4 24. Bd3 Bh4+ 25. Ke2 Nf2 26. Bxh7+ Kh8 27. Bf5 Qc6 28. e4 Nxh1 29. Rxh1 Rd4 30. Be3 Rd6 31. Rd1 Rfd8 32. Rd5 Rxd5 33. exd5 Qd6 34. Qe4 Qh2+ 35. Kd3 Qxh3 36. g5 Qh2 37. Qg4 Rf8 38. Qh5+ Kg8 39. Bh7+ 1-0

[Event "*** Biggest EVER Titled Tuesday"]
[Site "Chess.com"]
[Date "2018.04.17"]
[Round "1"]
[White "maciek_92"]
[Black "Orest_Vovk"]
[Result "1-0"]
[WhiteElo "2575"]
[BlackElo "2236"]
[TimeControl "180+2"]
[EndTime "13:08:42 PDT"]
[Termination "maciek_92 won by checkmate"]

1. c4 g5 2. Nc3 Bg7 3. d3 g4 4. e4 d6 5. h3 h5 6. Be3 c5 7. Nge2 Nc6 8. d4 cxd4 9. Nxd4 Qa5 10. Rc1 Nxd4 11. Bxd4 Bxd4 12. Qxd4 Nf6 13. hxg4 Bxg4 14.
f3 Be6 15. Qd2 Qe5 16. Nd5 Bxd5 17. cxd5 a6 18. Rc7 b5 19. Rh3 Kf8 20. Qc3 Qg5 21. Kf2 h4 22. b4 Qf4 23. Kg1 Re8 24. g3 Qg5 25. Bg2 Kg7 26. g4 Qe5 27. Qxe5 dxe5 28.
Bf1 Rc8 29. Rxe7 Rc1 30. Rxe5 Rd1 31. Rg5+ Kf8 32. Rh2 h3 33. Kf2 Ke7 34. Bxh3 Rc8 35. Kg3 Rg1+ 36. Kf4 Rc3 37. d6+ Kd8 38. Rf5 Ne8 39.
e5 f6 40. exf6 Nxd6 41. f7 Rc4+ 42. Kg5 Nxf7+ 43. Rxf7 Rd1 44. f4 Ke8 45. Ra7 Kf8 46. Bf1 Rxf1 47. Rh8# 1-0

[Event "*** Biggest EVER Titled Tuesday"]
[Site "Chess.com"]
[Date "2018.04.17"]
[Round "1"]
[White "Tesla37"]
[Black "Caterpiller35"]
[Result "1-0"]
[WhiteElo "2580"]
[BlackElo "2238"]
[TimeControl "180+2"]
[EndTime "13:08:48 PDT"]
[Termination "Tesla37 won by resignation"]

1. e4 c5 2. Nf3 g6 3. d4 cxd4 4. Nxd4 Bg7 5. Nc3 Nc6 6. Nde2 Nf6 7. g3 h5 8. h3 d6 9. Bg2 Bd7 10. b3 Rc8 11. Bb2 O-O 12. Qd2 a6 13. O-O b5 14.
Rab1 Qb6 15. Rfe1 Ne5 16. Nd5 Nxd5 17. exd5 Bf5 18. Nd4 Bxh3 19. Bxh3 Qxd4 20. Qxd4 Nf3+ 21. Kf1 Bxd4 22. Bxd4 Nxd4 23. Bxc8 Rxc8 24. Rbc1 Kf8 25. c3 Nf3 26. Red1 Ne5 27. f4 Ng4 28. Ke2 Rc5 29. a3 a5 30. c4 Ke8 31. Rc2 Nf6 32.
Rdc1 bxc4 33. bxc4 e6 34. dxe6 fxe6 35. Kd3 Ke7 36.
Rb1 Ng4 37. Rb5 e5 38. Rxc5 dxc5 39. Ke4 exf4 40. Kxf4 Kf6 41. Rd2 g5+ 42. Ke4 h4 43. gxh4 gxh4 44. Kf4 Nh6 45. Rd6+ Kg7 46. Rd5 Kg6 47.
Rg5+ Kf6 48. Rxc5 Nf7 49. Rh5 Nd6 50. c5 Nc4 51. c6 Ke6 52. c7 Ke7 1-0

[Event "*** Biggest EVER Titled Tuesday"]
[Site "Chess.com"]
[Date "2018.04.17"]
[Round "1"]
[White "Martins-BR"]
[Black "Arash_Tahbaz"]
[Result "1-0"]
[WhiteElo "2227"]
[BlackElo "2535"]
[TimeControl "180+2"]
[EndTime "13:08:48 PDT"]
[Termination "Martins-BR won by resignation"]

1. e4 c5 2. Nf3 g6 3. d4 cxd4 4. Nxd4 Nc6 5. Nc3 Bg7 6. Be3 Nf6 7. Nxc6 bxc6 8. e5 Ng8 9. Bd4 Nh6 10. e6 Bxd4 11.
Qxd4 O-O 12. exd7 Qxd7 13. Qxd7 Bxd7 14. Bc4 Nf5 15. O-O-O Nd6 16. Bb3 Bf5 17. f3 h5 18.
Rhe1 Rfe8 19. Re5 Kf8 20. h3 f6 21. Rc5 Rec8 22. g4 hxg4 23. hxg4 Bd7 24. Rh1 Kg7 25. Re1 Kf8 26. Be6 Bxe6 27. Rxe6 Kf7 28. Re2 Nb7 29. Rc4 Nd6 30. Rc5 Rab8 31. b3 Rb4 32. Ra5 Rc7 33. Na4 Rb5 34. Ra6 c5 35. c4 Rb8 36. Nc3 Rb6 37.
Ra5 Rbc6 38. Nd5 Rb7 39. Kc2 e6 40. Nf4 Nc8 41. Nd3 Rbc7 42. g5 Nd6 43. gxf6 Kxf6 44. Ne5 Rb6 45. Ng4+ Ke7 46. Re5 Rbc6 47. Rg5 Nf5 48.
Rxg6 Rd6 49. Ne5 Rc8 50. Rxa7+ Kf8 51. Rf7+ 1-0

[Event "*** Biggest EVER Titled Tuesday"]
[Site "Chess.com"]
[Date "2018.04.17"]
[Round "1"]
[White "Raffael89"]
[Black "nikitakhoroshev"]
[Result "0-1"]
[WhiteElo "2104"]
[BlackElo "2484"]
[TimeControl "180+2"]
[EndTime "13:08:51 PDT"]
[Termination "nikitakhoroshev won by checkmate"]

1. e4 e6 2. d4 d5 3. Nd2 a6 4. Ngf3 Nf6 5. Bd3 c5 6. e5 Nfd7 7. c3 Nc6 8. O-O g5 9. dxc5 g4 10. Nd4 Ndxe5 11. Bc2 Bxc5 12. N2b3 Bb6 13. Re1 Qf6 14.
Be3 Bc7 15. Qe2 h5 16. Nxc6 Nf3+ 17. Kh1 Nxe1 18. Rxe1 bxc6 19. Bd4 Qf4 20. g3 Qh6 21. Bxh8 Qxh8 22. Nd4 Bd7 23. Ba4 Qf6 24. Bxc6 Bxc6 25. Nxc6 Kf8 26. Nd4 Bb6 27. Qe3 Rb8 28. Kg2 Kg7 29.
b3 a5 30. Qd3 Rc8 31. Qe3 Bxd4 32. cxd4 Rc2 33. a3 Kg6 34. Qd3+ Qf5 35. Qxf5+ Kxf5 36. Rb1 Ra2 37. b4 Rxa3 38. b5 Rc3 39. b6 Rc8 40. f3 a4 41. Kf2 a3 42. b7 Rb8 43. Ra1 Rxb7 44. Rxa3 Rb2+ 45. Ke3 Rxh2 46. Ra7 f6 47.
Rh7 Kg6 48. Re7 Rg2 49. Kf4 Rf2 50. Rxe6 Rxf3# 0-1

[Event "*** Biggest EVER Titled Tuesday"]
[Site "Chess.com"]
[Date "2018.04.17"]
[Round "1"]
[White "Alopekos"]
[Black "Blackmind96"]
[Result "1/2-1/2"]
[WhiteElo "2291"]
[BlackElo "2590"]
[TimeControl "180+2"]
[EndTime "13:08:52 PDT"]
[Termination "Game drawn by repetition"]

1. e4 e6 2. d4 d5 3. Nc3 Nf6 4. e5 Nfd7 5. Qg4 c5 6. dxc5 h5 7. Qf4 Bxc5 8. Nf3 Nc6 9. Bd3 g5 10. Nxg5 Ndxe5 11. O-O f6 12. Nf3 Nxd3 13. cxd3 e5 14.
Re1 Be6 15. Qh4 Qe7 16. a3 O-O-O 17. b4 Bb6 18. Na4 Bc7 19. b5 Na5 20. Bd2 Nb3 21. Bb4 Qg7 22. Rab1 d4 23. Qe4 Rhg8 24. g3 Bd5 25. Qf5+ Kb8 26. Nh4 Rde8 27. Nc5 Nxc5 28. Bxc5 b6 29. Bb4 Be6 30. Qf3 Qg5 31. Ng2 h4 32. Rbc1 h3 33. Rxc7 Kxc7 34. Qc6+ Kd8 35. Qd6+ Bd7 36. Qb8+ Bc8 37. Qd6+ Bd7 38. Qb8+ Bc8 39.
Qd6+ Bd7 40. Qb8+ Bc8 41. Qd6+ 1/2-1/2

[Event "*** Biggest EVER Titled Tuesday"]
[Site "Chess.com"]
[Date "2018.04.17"]
[Round "1"]
[White "chegueps"]
[Black "moro182"]
[Result "1/2-1/2"]
[WhiteElo "2265"]
[BlackElo "2581"]
[TimeControl "180+2"]
[EndTime "13:08:53 PDT"]
[Termination "Game drawn by agreement"]

1. e4 e5 2. Qh5 Nc6 3. Bc4 g6 4. Qf3 Qf6 5. Qd1 Bh6 6. Nc3 Nge7 7. Nf3 a6 8. a4 O-O 9. h4 d6 10. h5 g5 11. Nh2 Kh8 12. d3 Qg7 13. Ng4 Bxg4 14. Qxg4 Nd4 15. Qd1 f5 16. Ne2 fxe4 17. dxe4 b5 18. Bd3 c5 19. Nxd4 cxd4 20. axb5 axb5 21. Rxa8 Rxa8 22. Bxb5 Ra1 23. g4 Qf6 24. Rh3 d5 25. exd5 Nxd5 26. Ra3 Rxa3 27. bxa3 Nc3 28. Qd3 Bf8 29. Bd2 Nxb5 30. Qxb5 Bxa3 31. h6 Bf8 32. Qe8 Kg8 33. Bb4 Qxh6 34. Bxf8 Qxf8 35. Qxe5 Qb4+ 36. Ke2 Qc4+ 37. Kf3 h6 38. Qe8+ Kg7 39. Qe7+ Kg6 40. Qe8+ Kf6 41. Qh8+ Kf7 42. Qh7+ Ke8 43. Qh8+ Kd7 44.
Qg7+ Kc8 45. Qh8+ Kb7 46. Qg7+ Kb6 47. Qxh6+ Kb7 48. Qg7+ Kc8 49. Qf8+ Kc7 1/2-1/2

[Event "*** Biggest EVER Titled Tuesday"]
[Site "Chess.com"]
[Date "2018.04.17"]
[Round "1"]
[White "itisabigworld"]
[Black "Guriempire"]
[Result "1-0"]
[WhiteElo "2284"]
[BlackElo "2532"]
[TimeControl "180+2"]
[EndTime "13:08:55 PDT"]
[Termination "itisabigworld won by resignation"]

1. e4 c6 2. d4 d5 3. e5 Bf5 4. h4 h5 5. Bd3 Bxd3 6. Qxd3 e6 7. Bg5 Qa5+ 8. Nd2 Ne7 9. Nf3 Nf5 10. O-O Qa6 11. c4 Nd7 12. b3 Be7 13. Rfc1 O-O 14. Bxe7 Nxe7 15. Ng5 g6 16. Nf1 Rac8 17. Ng3 Nf5 18.
Nxf5 exf5 19. e6 fxe6 20. Nxe6 Rfe8 21. Nf4 Nf8 22. Qg3 Kf7 23. cxd5 cxd5 24. Nxd5 Ne6 25.
Rxc8 Rxc8 26. Qe5 Nf8 27. Qe7+ Kg8 28. Nf6+ Kh8 29. Ne8 Rxe8 30. Qxe8 Kg8 31. Re1 Qxa2 32. Qb5 Qd2 33. Qd5+ Kh8 34. Re8 Qc1+ 35. Kh2 Qf4+ 36. g3 Qxf2+ 37. Qg2 Qxg2+ 38. Kxg2 Kg7 39. Re7+ Kf6 40.
Rxb7 Ne6 41. Rxa7 Nxd4 42. b4 Ke5 43. Ra6 Nc2 44. b5 Ne3+ 45. Kf3 Nc4 46. Rxg6 Nd2+ 47. Ke2 Ne4 48. b6 Nc5 49. Ke3 Nb7 50. Rh6 Nd6 51. Rxh5 Nc4+ 52. Kf3 Nxb6 53. g4 Nd7 54. Rxf5+ Ke6 55.
h5 Ne5+ 56. Rxe5+ Kxe5 57. Ke3 Ke6 58. Kf4 Kf6 59. g5+ Kg7 60. Kf5 Kf7 61. h6 Kg8 62.
Kf6 Kh8 63. Kf7 Kh7 64. g6+ Kxh6 65. g7 Kg5 66. g8=Q+ Kf4 67. Qe8 1-0

[Event "*** Biggest EVER Titled Tuesday"]
[Site "Chess.com"]
[Date "2018.04.17"]
[Round "1"]
[White "Firouzja2003"]
[Black "ajkom197"]
[Result "1-0"]
[WhiteElo "2727"]
[BlackElo "2382"]
[TimeControl "180+2"]
[EndTime "13:08:58 PDT"]
[Termination "Firouzja2003 won by resignation"]

1. e4 c6 2. d4 d5 3. e5 Bf5 4. Nf3 e6 5. Be2 Ne7 6. O-O Nd7 7. c3 Rc8 8. Nbd2 c5 9. dxc5 Nc6 10. b4 Ndxe5 11. Nd4 Bg6 12. f4 Nd3 13. f5 Nxc1 14. Rxc1 exf5 15. Bb5 Be7 16. Bxc6+ bxc6 17. N2f3 Bh5 18.
Nxf5 O-O 19. Qe1 Re8 20. Qg3 Bg6 21. N3d4 Bf6 22. Rce1 Bxd4+ 23. Nxd4 Qd7 24. a4 h6 25. a5 Rxe1 26. Rxe1 Re8 27. Rxe8+ Qxe8 28. Kf2 Qe4 29. Qe3 Qh4+ 30. Kg1 Qf6 31. h3 Be4 32. Qg3 Kh7 33. a6 h5 34. Qe3 g5 35. Qf2 Qg6 36. b5 cxb5 37. c6 Kg7 38. c7 Qxa6 39.
Nf5+ Kf6 40. c8=Q Qxc8 41. Nd6+ Qf5 42. Nxf5 Bxf5 43. Qxa7 1-0

[Event "*** Biggest EVER Titled Tuesday"]
[Site "Chess.com"]
[Date "2018.04.17"]
[Round "1"]
[White "tango_argentino"]
[Black "MikeSailer"]
[Result "0-1"]
[WhiteElo "2435"]
[BlackElo "2006"]
[TimeControl "180+2"]
[EndTime "13:09:00 PDT"]
[Termination "MikeSailer won by resignation"]

1. e4 d5 2. exd5 Qxd5 3. Nf3 Nf6 4. d4 Bg4 5. Be2 e6 6. c4 Qd8 7. Nc3 Be7 8. Be3 O-O 9. h3 Bh5 10. O-O a6 11. Qb3 Qc8 12. Rfd1 Nbd7 13. Rac1 c5 14. d5 e5 15. d6 Bd8 16. Nd5 Nxd5 17. Rxd5 Rb8 18. Qd1 Re8 19. b4 Bb6 20. Ng5 Bxe2 21.
Qxe2 f6 22. Ne4 cxb4 23. c5 Ba7 24. Qh5 Nf8 25. Ng3 Qe6 26. Rcd1 Qf7 27. Qf3 Ne6 28. Nf5 Kh8 29. Qg4 Red8 30. Qxb4 Qd7 31. Ne7 Re8 32.
Qh4 Nf8 33. R5d2 Qe6 34. a4 g6 35. Qh6 Qf7 36. a5 Qg7 37. Qh4 Ne6 38. Qc4 Qf7 39. Bh6 Ng5 40. Qb4 Ne6 41. Rd5 Nd4 42. R5xd4 exd4 43. Qxd4 Rxe7 44. dxe7 Qxe7 45. Bf4 Bxc5 46. Qc4 Re8 47.
Bg3 Ba7 48. Qc3 Kg7 49. Qb3 Bb8 50. Bxb8 Rxb8 51. Rc1 Rd8 52. Qb6 Rd7 53. g3 Kf7 54. h4 h5 55. Rc3 Qe1+ 56. Kg2 Qxc3 57. Qb1 Qc6+ 58. Kh2 Rd2 59. Qa2+ Rxa2 0-1

[Event "*** Biggest EVER Titled Tuesday"]
[Site "Chess.com"]
[Date "2018.04.17"]
[Round "1"]
[White "Zhani-Z"]
[Black "Infernal_XaM"]
[Result "0-1"]
[WhiteElo "2383"]
[BlackElo "2731"]
[TimeControl "180+2"]
[EndTime "13:09:02 PDT"]
[Termination "Infernal_XaM won on time"]

1. e4 e6 2. d4 d5 3. Nd2 Nc6 4. Ngf3 Nh6 5. c3 f5 6. exf5 Nxf5 7. Bd3 Bd6 8. O-O O-O 9. Re1 Qf6 10. Nf1 h6 11.
Ng3 Nxg3 12. hxg3 e5 13. dxe5 Nxe5 14. Be2 c6 15. Be3 Ng4 16. Bd4 Qf7 17. Ng5 Qh5 18. Nh3 Bd7 19. Qd2 Rae8 20. f4 Qf7 21. Bf3 b6 22. b4 Qg6 23. Nf2 Nf6 24. Bxf6 Qxf6 25. Rxe8 Rxe8 26. Re1 Rxe1+ 27. Qxe1 Qe7 28. Qd2 Be8 29.
a4 a5 30. Nd3 Bg6 31. b5 cxb5 32. Bxd5+ Kh7 33. axb5 a4 34. Nb4 Bc5+ 35. Kh2 a3 36. Bc4 Qe3 37. Qxe3 Bxe3 38. Na2 Bb1 39. Kh3 Kg6 40.
Kg4 Be4 41. Kh3 Kf6 42. Kg4 g6 43. Kh3 Ke7 44. Kg4 Kd6 45. Kh3 Kc5 46. Be2 Bd5 47. Nb4 Be6+ 48. g4 a2 49. Nxa2 Bxa2 50. Bd3 Bxf4 51.
Bxg6 Kxb5 52. Bd3+ Kc5 53. g3 Be5 0-1

[Event "*** Biggest EVER Titled Tuesday"]
[Site "Chess.com"]
[Date "2018.04.17"]
[Round "1"]
[White "Konavets"]
[Black "DiogenesSinopeus"]
[Result "1-0"]
[WhiteElo "2802"]
[BlackElo "2414"]
[TimeControl "180+2"]
[EndTime "13:09:03 PDT"]
[Termination "Konavets won by checkmate"]

1. d4 Nf6 2. c4 e6 3. g3 Bb4+ 4.
Bd2 c5 5. Bxb4 cxb4 6. Bg2 O-O 7. e4 d6 8. Ne2 Nc6 9. O-O e5 10. d5 Nb8 11. a3 Na6 12. Nd2 Bg4 13. h3 Bxe2 14.
Qxe2 Qb6 15. Kh2 Nd7 16. f4 f6 17. Rf3 Ndc5 18. Raf1 Rae8 19. Qf2 Qd8 20. Re3 Qb6 21. f5 Kf7 22. Qe2 Ke7 23. Qh5 Rh8 24. g4 h6 25.
Qg6 Reg8 26. Nf3 Qd8 27. Nh4 Nd7 28. Ra1 Qb6 29. Re2 b3 30. Rf1 Nac5 31. Rf3 a5 32. Rc3 a4 33. Qh5 Nf8 34. Ree3 Qd8 35. Nf3 Qe8 36. Qh4 g5 37. fxg6 Nxg6 38. Qf2 h5 39. g5 Nf4 40. gxf6+ Kxf6 41. Nh4 Ke7 42. Nf5+ Kd7 43.
Rg3 Rxg3 44. Rxg3 Rg8 45. Bf1 Kc7 46. Rxg8 Qxg8 47. Qh4 Nxe4 48. c5 Nxc5 49. Qe7+ Nd7 50. Qxd6+ Kd8 51. Qe7+ Kc8 52. Nd6+ Kc7 53. Ne8+ Kc8 54.
Nd6+ Kc7 55. Nb5+ Kc8 56. Qd6 Qg6 57. Qc7# 1-0

[Event "*** Biggest EVER Titled Tuesday"]
[Site "Chess.com"]
[Date "2018.04.17"]
[Round "1"]
[White "TregubovP"]
[Black "MateusViageiro"]
[Result "1-0"]
[WhiteElo "2553"]
[BlackElo "2211"]
[TimeControl "180+2"]
[EndTime "13:09:04 PDT"]
[Termination "TregubovP won by checkmate"]

1. d4 Nf6 2. c4 e6 3. Nc3 Bb4 4. e3 b6 5. Ne2 Bb7 6. a3 Bxc3+ 7.
Nxc3 O-O 8. d5 exd5 9. cxd5 d6 10. Be2 Re8 11. O-O Nbd7 12. b4 a5 13. Bb2 Ne5 14.
Qd4 Qe7 15. h3 Ng6 16. Bb5 Rec8 17. Rfe1 Qd8 18. Bc6 Bxc6 19. dxc6 Ne8 20. Nd5 Qg5 21. f4 Qg3 22. Qd2 Nh4 23. Qf2 Qxf2+ 24. Kxf2 Kf8 25. b5 Ng6 26. e4 Ne7 27. Ne3 Rd8 28. Rad1 a4 29. Bc3 f6 30. Kf3 Kf7 31. g4 g6 32.
h4 Ng7 33. f5 h5 34. g5 Ng8 35.
Kf4 gxf5 36. exf5 fxg5+ 37. hxg5 Re8 38. Nd5 Rxe1 39. Rxe1 Rc8 40. g6+ Kf8 41. f6 Ne8 42.
Kg5 h4 43. Rh1 h3 44. Rxh3 Nexf6 45. Nxf6 Ke7 46. Re3+ Kf8 47. Nh7# 1-0

[Event "*** Biggest EVER Titled Tuesday"]
[Site "Chess.com"]
[Date "2018.04.17"]
[Round "1"]
[White "Goala"]
[Black "ChessQueen"]
[Result "1-0"]
[WhiteElo "2329"]
[BlackElo "2617"]
[TimeControl "180+2"]
[EndTime "13:09:05 PDT"]
[Termination "Goala won by resignation"]

1. d4 Nf6 2. c4 e6 3. Nf3 c5 4. d5 b5 5. dxe6 fxe6 6. cxb5 a6 7. Nc3 axb5 8. e4 b4 9. e5 bxc3 10. exf6 Qxf6 11. Bg5 Qf5 12. Bd3 Qg4 13. h3 Qb4 14. O-O Nc6 15. bxc3 Qxc3 16. Rc1 Qa5 17. Be4 Qa4 18.
Qd3 Be7 19. Bxh7 Ba6 20. Qg6+ Kd8 21. Qxg7 Rxh7 22. Bxe7+ Nxe7 23. Qf8+ Kc7 24. Qxa8 Nc6 25. Rxc5 Rg7 26. Rfc1 Bb5 27. Qf8 Rg6 28. h4 Qg4 29.
Rg5 Rxg5 30. hxg5 Be2 31. Re1 Bxf3 32. Qxf3 Qxg5 33. a4 Qa5 34. Ra1 Kc8 35. g3 Qe5 36. Rc1 Qb2 37. Qc3 Qa2 38. Qc4 Qa3 39. Rd1 Kc7 40.
Qd3 Qe7 41. Qb5 e5 42. a5 e4 43. Qb6+ Kc8 44. a6 e3 45. Qxe3 Qxe3 46. fxe3 Na7 47. Rb1 Nc6 48. g4 1-0

[Event "*** Biggest EVER Titled Tuesday"]
[Site "Chess.com"]
[Date "2018.04.17"]
[Round "1"]
[White "Noukii"]
[Black "Mikhail_Golubev"]
[Result "1/2-1/2"]
[WhiteElo "2640"]
[BlackElo "2356"]
[TimeControl "180+2"]
[EndTime "13:09:07 PDT"]
[Termination "Game drawn by agreement"]

1. d4 Nf6 2. Nf3 d6 3. Bg5 Nbd7 4. Nbd2 e5 5. e3 Be7 6. c3 O-O 7. Be2 e4 8. Ng1 c6 9. Qc2 d5 10. Bf4 b5 11. f3 Re8 12. fxe4 dxe4 13. Nh3 Nd5 14.
Nxe4 f5 15. Ng3 g5 16. Nxf5 gxf4 17. e4 Bh4+ 18. g3 fxg3 19. O-O-O Bg5+ 20. Kb1 Ne3 21. Nxe3 Bxe3 22. hxg3 Nf8 23. Nf4 Qe7 24. e5 Qg5 25.
Bd3 Re7 26. Nh5 Rf7 27. Nf6+ Rxf6 28. exf6 Qxf6 29. Bxh7+ Kg7 30. Be4 Qf2 31. Qd3 Bg4 32.
Rdf1 Be2 33. Rxf2 Bxd3+ 34. Bxd3 Bxf2 35. Be4 Rc8 36. b4 Rc7 37. Kc2 Ng6 38. Kd3 a6 39. Rf1 Rf7 40. Bxc6 Bxg3 41. Rxf7+ Kxf7 42. Bb7 Nf4+ 43.
Kd2 Ne6 44. Bxa6 Nc7 45. Bb7 Ke6 46. Kd3 Kd6 47. Bf3 Nd5 48. Bd1 Be1 49. a4 bxa4 50.
Bxa4 Nxc3 51. Bb3 Nb5 52. Bc4 Nc7 53. b5 Na8 54. Bf7 Nb6 55. Be8 Na4 1/2-1/2